 Dungeon Crawl Stone Soup version 0.32-a0-779-g362cfcae2a (webtiles) character file.

Game seed: 15467756889813482462

1446 kae the Carver (level 8, -4/56 HPs)
             Began as a Coglin Gladiator on Mar 19, 2024.
             Killed from afar by an orc wizard (9 damage)
             ... with a magic dart
             ... on level 6 of the Dungeon.
             The game lasted 00:03:38 (5914 turns).

kae the Carver (Coglin Gladiator)                   Turns: 5914, Time: 00:03:39

Health: -4/56      AC:  4    Str: 16    XL:     8   Next: 75%
Magic:  8/8        EV: 11    Int:  7    God:
Gold:   434        SH:  0    Dex: 17    Spells: 7/7 levels left

rFire   . . .        a - +0 long sword {Anan}
rCold   . . .        f - +0 dagger {Isabel}
rNeg    . . .        b - +0 leather armour
rPois   .            c - +0 helmet
rElec   .            (no cloak)
rCorr   .            (no gloves)
SInv    .            (no boots)
Will    .....        (amulet unavailable)
Stlth   +            (ring unavailable)
HPRegen 0.29/turn    (ring unavailable)
MPRegen 0.11/turn    (no gizmo)

%: no passive effects
@: slowed, revved, very slow
A: off-hand wielding, slow wielding, warmup strikes, no jewellery
a: Invent Gizmo


You were on level 6 of the Dungeon.
You visited 1 branch of the dungeon, and saw 6 of its levels.

You collected 434 gold pieces.


Innate Abilities, Weirdness & Mutations

You can wield a second weapon in your off-hand.
It takes a long time for you to wield or remove held weapons.
Your first few attacks do less damage.
You cannot equip rings or amulets.


   Skills:
 - Level 2.0 Fighting
 + Level 11.0 Long Blades
 - Level 1.7 Throwing
 - Level 2.6 Dodging


You had 7 spell levels left.
You didn't know any spells.
Your spell library contained the following spells:

 Spells                   Type           Power      Damage    Failure   Level
 Magic Dart               Conj           0%         1d3       50%         1
 Necrotise                Necr           0%         1d4       50%         1
 Summon Small Mammal      Summ           0%         N/A       50%         1
 Blink                    Tloc           0%         N/A       65%         2
 Call Imp                 Summ           0%         N/A       65%         2
 Call Canine Familiar     Summ           0%         N/A       86%         3
 Vampiric Draining        Necr           0%         2d6       86%         3
 Martyr's Knell           Necr/Summ      0%         N/A       99%         4
 Summon Blazeheart Golem  Fire/Summ      0%         N/A       99%         4
 Curse of Agony           Necr           0%         N/A       100%        5

Inventory:

Hand Weapons
 a - a +0 long sword (weapon) {Anan}
 f - a +0 dagger (offhand) {Isabel}
Missiles
 d - 3 throwing nets (quivered) {=f!f}
 e - 5 javelins
 g - 8 poisoned darts
 h - 48 stones
 m - 3 boomerangs
Armour
 b - a +0 leather armour (worn)
 c - a +0 helmet (worn)
Jewellery
 n - the ring "Wimibb" {rPois rC+ EV+5 Str+3 Dex+2}
   (You found it on level 2 of the Dungeon)

   [ring of evasion]

   EV+5:      It affects your evasion (+5).
   Str+3:     It affects your strength (+3).
   Dex+2:     It affects your dexterity (+2).
   rC+:       It protects you from cold.
   rPois:     It protects you from poison.
 S - a +6 ring of strength
   (You found it on level 4 of the Dungeon)
Wands
 p - a wand of flame (10)
   (You took it off Ijyb on level 3 of the Dungeon)
 t - a wand of charming (8)
   (You found it on level 5 of the Dungeon)
Scrolls
 o - 3 scrolls of teleportation {@r4}
 s - a scroll of summoning
 v - a scroll of identify {@r1}
Potions
 i - a potion of haste {unknown}
 j - 2 potions of curing {@q1}
 k - a potion of lignification {!q}
 l - a potion of heal wounds {@q2}
 u - a potion of attraction {unknown}

Dungeon Overview and Level Annotations

Branches:
Dungeon (6/15) Zot: 26739
 Temple: D:4-7

Altars:

Annotations:
D:5 2 transporters, Sapher's ghost, amateur MDEE

.........#........
.###.#.#.##......# .#
#.#.#.##......# .#
#.#.#.##......# .#
#.#.#.##......# .#
#.#.#.##......# #
#.#.#.#####.#o#
####.#.#.#####.#{#
...#...........#@#
##.###.#.#######.#######
.......................#
##.###....######.#####.#
#.#......#..........#.#
#.#####..#.###.####.#.#
#........#.#......#.#.#
########.#.#.#.##.#.#.#
#.#.#.#....#.#.#


You could see an orc.


Message History

You completely miss the wraith with your +0 dagger.
The wraith hits you. The wraith drains your vigour!
You feel as though you will be slow longer.
You closely miss the wraith with your +0 dagger.
You slash the wraith with your +0 long sword!
You destroy the wraith!
Your Long Blades skill increases to level 11!
You barely miss the orc with your +0 long sword.
You hit the orc with your +0 dagger.
Your resistance to elements expires.
The orc barely misses you.
You barely miss the orc with your +0 long sword.
You hit the orc but do no damage.
The orc hits you but does no damage. 😮 HP[+1]
You barely miss the orc with your +0 dagger.
You closely miss the orc with your +0 long sword.
The orc hits you with a +0 hand axe. The orc barely misses you. 😮 HP[-6]
You take 6 damage, and now have 29/56 hp.
You hit the orc with your +0 dagger.
You hit the orc with your +0 long sword.
You kill the orc!
A magic dart appears from out of thin air!
The magic dart hits you!
* * * LOW HITPOINT WARNING * * *
😨 HP[-9]
You take 9 damage, and now have 20/56 hp.
Something hits you but does no damage.
Things that are here:
a +0 hand axe; an orc corpse; 😨 HP[+1]
You miss something with your +0 long sword.
You closely miss something with your +0 dagger.
Something hits you.
* * * LOW HITPOINT WARNING * * *
😨 HP[-2]
You take 2 damage, and now have 19/56 hp.
You closely miss something with your +0 long sword.
You miss something with your +0 dagger. Something hits you.
* * * LOW HITPOINT WARNING * * *
Something hits you.
* * * LOW HITPOINT WARNING * * *
😱 HP[-5]
You take 5 damage, and now have 14/56 hp.
You miss something with your +0 long sword.
You hit something but do no damage.
Something hits you but does no damage. 😨 HP[+1]
You miss something with your +0 long sword.
You completely miss something with your +0 dagger.
Something completely misses you.
You hit something with your +0 long sword.
You miss something with your +0 dagger. Something hits you.
* * * LOW HITPOINT WARNING * * *
😱 HP[-1]
You take 1 damage, and now have 14/56 hp.
You closely miss something with your +0 dagger.
You miss something with your +0 long sword.
Something hits you.
* * * LOW HITPOINT WARNING * * *
You miss something with your +0 long sword.
You hit something with your +0 dagger. Something hits you but does no damage.
You barely miss something with your +0 long sword.
You barely miss something with your +0 dagger.
Something hits you.
* * * LOW HITPOINT WARNING * * *
Something hits you.
* * * LOW HITPOINT WARNING * * *
😱 HP[-3]
You take 3 damage, and now have 11/56 hp.
You hit something with your +0 dagger.
You miss something with your +0 long sword.
Something hits you.
* * * LOW HITPOINT WARNING * * *
😱 HP[-1]
You take 1 damage, and now have 10/56 hp.
You hit something with your +0 long sword.
You miss something with your +0 dagger. Something hits you but does no damage.
You hit something but do no damage.
You barely miss something with your +0 long sword.
Something hits you.
* * * LOW HITPOINT WARNING * * *
😱 HP[-1]
You take 1 damage, and now have 9/56 hp.
You closely miss something with your +0 long sword.
You closely miss something with your +0 dagger.
Something hits you.
* * * LOW HITPOINT WARNING * * *
You hit something but do no damage. You miss something with your +0 dagger.
You hear some strange, mumbled words.
A puff of flame appears from out of thin air!
The puff of flame hits you.
* * * LOW HITPOINT WARNING * * *
Something hits you but does no damage. 😱 HP[-4]
You take 4 damage, and now have 5/56 hp.
You hit something but do no damage.
You barely miss something with your +0 dagger.
You hear some strange, mumbled words.
A magic dart appears from out of thin air!
The magic dart hits you!
You die...

Skill      XL: |  1  2  3  4  5  6  7  8 |
---------------+-------------------------+-----
Long Blades    | 4 5 6 7 9 11 | 11.0
Fighting       | |  2.0
Throwing       | |  1.7
Dodging        | |  2.6

Action                     |  1- 3 |  4- 6 |  7- 9 || total
---------------------------+-------+-------+-------++-------
  Melee: Long sword        |    67 |   131 |   187 ||   385
         Dagger            |    62 |   125 |   174 ||   361
    Use: Scroll            |     2 |     5 |     2 ||     9
         Potion            |       |     3 |     5 ||     8
   Stab: Sleeping          |     2 |     3 |     1 ||     6
 Armour: Leather armour    |    44 |   103 |   126 ||   273
         Skin              |       |       |    52 ||    52
  Dodge: Dodged            |    57 |    75 |    76 ||   208

Levels and vault maps discovered:
D:1:      dpeg_arrival_erosion, layout_basic, minmay_misc_feat_nine_boxes,
          st_stairs_12, minmay_misc_feat_enclosed
D:2:      minmay_chambers_of_twos, layout_basic,
          hellmonk_ecumenical_altar_inner_sanctum, minmay_pentomino_z2,
          uniq_jessica
D:3:      layout_basic, uniq_sigmund, uniq_ijyb
D:4:      layout_basic
D:5:      layout_basic, gammafunk_ghost_abyssal_escape,
          minmay_gold_behind_fungi, minmay_crossroads
D:6:      layout_basic, st_stairs_8

Notes
Turn   | Place    | Note
-------+----------+-------------------------------------------
     0 | D:1      | kae the Coglin Gladiator began the quest for the Orb.
     0 | D:1      | Reached XP level 1. HP: 16/16 MP: 1/1
     0 | D:1      | magus.rc [v1.11.3]
   234 | D:1      | Reached XP level 2. HP: 22/22 MP: 2/2
   695 | D:1      | Reached skill level 4 in Long Blades
   720 | D:1      | Reached XP level 3. HP: 27/27 MP: 3/3
  1241 | D:2      | You pick up a book of Callings and begin reading...
  1241 | D:2      | You add the spells Summon Small Mammal, Call Canine
                  | Familiar and Summon Blazeheart Golem to your library.
  1409 | D:2      | You pick up a book of Necromancy and begin reading...
  1409 | D:2      | You add the spells Necrotise, Vampiric Draining, Martyr's
                  | Knell and Curse of Agony to your library.
  1439 | D:2      | Identified the ring "Wimibb" {rPois rC+ EV+5 Str+3 Dex+2}
  1654 | D:2      | Reached XP level 4. HP: 32/33 MP: 4/4
  1690 | D:2      | Reached skill level 5 in Long Blades
  1702 | D:2      | Noticed Jessica
  1705 | D:2      | Killed Jessica
  1713 | D:2      | Reached XP level 5. HP: 24/38 MP: 5/5
  1994 | D:2      | Found a faded altar of an unknown god.
  2065 | D:3      | Noticed Ijyb
  2077 | D:3      | HP: 3/38 [Ijyb/+0 club (7)]
  2206 | D:3      | Noticed Sigmund
  2220 | D:3      | HP: 9/38 [something/puff of flame (8)]
  2222 | D:3      | Killed Sigmund
  2223 | D:3      | Reached skill level 6 in Long Blades
  2223 | D:3      | Reached XP level 6. HP: 11/44 MP: 6/6
  2514 | D:3      | Reached skill level 7 in Long Blades
  2783 | D:3      | Killed Ijyb
  3436 | D:4      | Reached XP level 7. HP: 48/50 MP: 7/7
  3722 | D:4      | Reached skill level 8 in Long Blades
  4150 | D:5      | Entered Level 5 of the Dungeon
  4637 | D:5      | Reached skill level 9 in Long Blades
  4713 | D:5      | Found a transporter.
  4760 | D:5      | You pick up a book of Minor Magic and begin reading...
  4760 | D:5      | You add the spells Magic Dart, Blink and Call Imp to your
                  | library.
  4792 | D:5      | Reached XP level 8. HP: 46/56 MP: 8/8
  4867 | D:5      | Noticed Sapher's ghost (amateur MDEE)
  4869 | D:5      | Noticed a toenail golem
  4900 | D:5      | Found a transporter.
  5053 | D:5      | HP: 9/56 [centaur/arrow (9)]
  5059 | D:5      | Reached skill level 10 in Long Blades
  5854 | D:6      | Noticed a wraith
  5895 | D:6      | Killed a wraith
  5896 | D:6      | Reached skill level 11 in Long Blades
  5902 | D:6      | HP: 14/56 [something (3)]
  5908 | D:6      | HP: 13/56 [something (1)]
  5913 | D:6      | HP: 5/56 [something/puff of flame (4)]
  5914 | D:6      | Killed from afar by an orc wizard

Vanquished Creatures
  Sigmund (D:3)
  A wraith (D:6)
  A water moccasin (D:5)
  A black bear (D:5)
  A centaur (D:5)
  3 phantoms
  A howler monkey (D:5)
  A bombardier beetle (D:5)
  A gnoll bouda (D:5)
  A hound (D:6)
  Jessica (D:2)
  4 iguanas (D:5)
  Ijyb (D:3)
  An orc wizard (D:4)
  4 gnolls
  9 adders
  4 dart slugs
  12 orcs
  7 bats
  6 endoplasms
  6 giant cockroaches
  8 goblins
  9 hobgoblins
  4 jackals (D:4)
  7 quokkas
  6 ball pythons
  4 frilled lizards
  5 kobolds
  7 rats
117 creatures vanquished.

Vanquished Creatures (collateral kills)
  A centaur (D:5)
  An adder (D:5)
2 creatures vanquished.

Grand Total: 119 creatures vanquished

Table legend:
 A = Non-vault XP
 B = Vault XP
 C = Vault XP percentage of total XP
 D = Non-vault monster count
 E = Vault monster count
 F = Vault count percentage of total count
                 A         B        C        D         E       F
            +---------+---------+-------+---------+---------+-------
      Total |    1597 |     470 |  22.7 |     103 |      16 |  13.4
            +---------+---------+-------+---------+---------+-------
        D:1 |      40 |       2 |   4.8 |      22 |       1 |   4.3
        D:2 |      18 |     113 |  86.3 |       9 |      11 |  55.0
        D:3 |      54 |     267 |  83.2 |      23 |       2 |   8.0
        D:4 |     236 |       0 |   0.0 |      27 |       0 |   0.0
        D:5 |     986 |      88 |   8.2 |      19 |       2 |   9.5
        D:6 |     263 |       0 |   0.0 |       3 |       0 |   0.0
            +---------+---------+-------+---------+---------+-------

Skill      XL: |  1  2  3  4  5  6  7  8 |
---------------+-------------------------+-----
Long Blades    | 4 5 6 7 9 11 | 11.0
Fighting       | |  2.0
Throwing       | |  1.7
Dodging        | |  2.6

Action                     |  1- 3 |  4- 6 |  7- 9 || total
---------------------------+-------+-------+-------++-------
  Melee: Long sword        |    67 |   131 |   187 ||   385
         Dagger            |    62 |   125 |   174 ||   361
    Use: Scroll            |     2 |     5 |     2 ||     9
         Potion            |       |     3 |     5 ||     8
   Stab: Sleeping          |     2 |     3 |     1 ||     6
 Armour: Leather armour    |    44 |   103 |   126 ||   273
         Skin              |       |       |    52 ||    52
  Dodge: Dodged            |    57 |    75 |    76 ||   208

Illustrated notes

Table legend:
 A = Kills in this place as a percentage of kills in the entire game.
 B = Kills by you in this place as a percentage of kills by you in the entire game.
 C = Kills by friends in this place as a percentage of kills by friends in the entire game.
 D = Other kills in this place as a percentage of other kills in the entire game.
 E = Experience gained in this place as a percentage of experience gained in the entire game.
 F = Experience gained in this place divided by the number of levels of this place that you have seen.
                   A       B       C       D       E      F
               +-------+-------+-------+-------+-------+----------------------
         Total | 100.0 | 100.0 | 100.0 |   N/A | 100.0 | 344.5
       Dungeon | 100.0 | 100.0 | 100.0 |   N/A | 100.0 | 344.5
               +-------+-------+-------+-------+-------+----------------------

Table legend: (Time is in decaauts)
 A = Elapsed time spent in this place.
 B = Non-inter-level travel time spent in this place.
 C = Inter-level travel time spent in this place.
 D = Time resting spent in this place.
 E = Time spent auto-exploring this place.
 F = Levels seen in this place.
 G = Mean time per level.
                   A        B        C        D        E       F      G
               +--------+--------+--------+--------+--------+-----+--------+
         Total |   5893 |   5558 |    335 |    243 |   4490 |   6 |  982.2 |
       Dungeon |   5893 |   5558 |    335 |    243 |   4490 |   6 |  982.2 |
               +--------+--------+--------+--------+--------+-----+--------+

Top non-repeatable levels by time:
     D:5: 1493 daAuts
     D:1: 1226 daAuts
     D:4: 1129 daAuts
     D:2: 943 daAuts
     D:3: 841 daAuts
     D:6: 259 daAuts
